 Dungeon Crawl Stone Soup version 0.28.0-53-g5a82cb258f (webtiles) character file.

Game seed: 10664400308578998089

350 MisterFreud the Covert (level 6, -10/79 HPs)
             Began as a Gnoll Delver on July 5, 2022.
             Was an Initiate of Okawaru.
             Killed by divine providence
             ... invoked by an orc priest
              (12 damage)
             ... on level 3 of the Dungeon.
             The game lasted 00:03:45 (1545 turns).

MisterFreud the Covert (Gnoll Delver)               Turns: 1545, Time: 00:03:46

Health: -10/79     AC: 23    Str: 12    XL:     6   Next: 61%
Magic:  9/9        EV:  2    Int: 11    God:    Okawaru [......]
Gold:   20         SH:  0    Dex: 13    Spells: 9/9 levels left

rFire   . . .      SeeInvis .   a - +0 short sword
rCold   . . .      Faith    .   (no shield)
rNeg    . . .      Spirit   .   (armour currently unavailable)
rPois   +          Reflect  .   (helmet currently unavailable)
rElec   .          Harm     .   (cloak currently unavailable)
rCorr   .          Rampage  .   (gloves currently unavailable)
Will    .....      NoTele   +   (boots currently unavailable)
Stlth   ++++......              (no amulet)
HPRegen 0.23/turn               (no ring)
MPRegen 0.11/turn               (no ring)

@: tree-form
A: stationary, stasis, torment immunity, boosted hp, (fangs 1), strong nose,
distributed training
a: Renounce Religion


You were on level 3 of the Dungeon.
You worshipped Okawaru.
Okawaru was noncommittal.
You were a tree.
You visited 2 branches of the dungeon, and saw 5 of its levels.
You also visited: Ossuary.

You collected 20 gold pieces.

Inventory:

Hand Weapons
 a - a +0 short sword (weapon)
Armour
 b - a +0 leather armour (melded)
Wands
 g - a wand of digging (3)
Scrolls
 c - a scroll of fog
 d - 2 scrolls of blinking {unknown}
 h - 3 scrolls of identify {unknown}
 i - 2 scrolls of enchant armour {unknown}
 j - 3 scrolls of teleportation {unknown}
 k - 3 scrolls of amnesia {unknown}
Potions
 f - a potion of haste


   Skills:
 + Level 6.8 Fighting
 + Level 5.0 Short Blades
 + Level 2.0 Long Blades
 + Level 2.0 Axes
 + Level 2.0 Maces & Flails
 + Level 2.0 Polearms
 + Level 2.0 Staves
 + Level 2.0 Slings
 + Level 2.0 Bows
 + Level 2.0 Crossbows
 + Level 2.0 Throwing
 + Level 2.0 Armour
 + Level 5.0 Dodging
 + Level 9.8 Stealth
 + Level 2.0 Shields
 + Level 2.0 Unarmed Combat
 + Level 2.0 Spellcasting
 + Level 1.6 Conjurations
 + Level 1.6 Hexes
 + Level 1.6 Summonings
 + Level 1.6 Necromancy
 + Level 1.6 Translocations
 + Level 1.6 Transmutations
 + Level 1.6 Fire Magic
 + Level 1.6 Ice Magic
 + Level 1.6 Air Magic
 + Level 1.6 Earth Magic
 + Level 1.6 Poison Magic
 + Level 2.2 Invocations
 + Level 2.0 Evocations


You had 9 spell levels left.
You didn't know any spells.
Your spell library contained the following spells:

 Spells                   Type           Power      Damage    Failure   Level
 Summon Small Mammal      Summ           Unusable   N/A       N/A         1
 Call Canine Familiar     Summ           Unusable   N/A       N/A         3
 Summon Guardian Golem    Hex/Summ       Unusable   N/A       N/A         3

Dungeon Overview and Level Annotations

Branches:
Dungeon (6/15)             Temple (1/1) D:4         Ossuary (visited)

Altars:
Ashenzari
Fedhas
Kikubaaqudgha
Nemelex Xobeh
Okawaru
Wu Jian
Xom
The Shining One


Innate Abilities, Weirdness & Mutations

You are a tree.
Your roots penetrate the ground, keeping you stationary.
You cannot be teleported.
You are immune to unholy pain and torment.
Your maximum health is greatly increased.
Your equipment is partially melded.
((You have very sharp teeth.))
Your uncanny sense of smell can sniff out nearby items.
Your experience applies equally to all skills.


Message History

You attack the rock wall.
You hear some strange, mumbled words.
A magic dart appears from out of thin air!
The magic dart hits you but does no damage.
You nearly hit yourself!
Something hits you but does no damage.
You attack the rock wall.
You completely miss something. Something hits you but does no damage.
The orc priest looks satisfied for a moment.
You attack the rock wall.
You hear some strange, mumbled words.
A magic dart appears from out of thin air!
The magic dart hits you.
* * * LOW HITPOINT WARNING * * *
You attack the rock wall.
Something hits you.
* * * LOW HITPOINT WARNING * * *
You attack the rock wall.
You feel less confused. Something hits you but does no damage.
You hit something. Something hits you but does no damage.
You closely miss something.
The orc priest invokes the aid of Beogh against you.
Beogh smites you!
* * * LOW HITPOINT WARNING * * *
Something hits you but does no damage.
You hit something but do no damage. You hit something.
Okawaru accepts your kill.
Reactivating autopickup.
You feel a bit more experienced.
Okay, then.
Unknown command.
Okay, then.
Unknown command.
Okay, then.
Unknown command.
You hit the orc priest but do no damage.
The orc priest is almost dead.
The orc priest mumbles some strange prayers to Beogh against you.
Beogh smites you!
You die...

[.........###..###....# #
#######.....#.###...#.#.##..
#........#...# #.#.........#
#.#####.###.####.##.##.###..
#.# ##.# #..##..##.##.# #.#
#..# #.....###..# # #.# #.##
#.#........#.# #>####.#
#.#.#####....# #.#....#
#♣#.# ##.†.# #.#.#### #o#.#
#.#....# ###.#.# #o#.#
......... #...#.# #.#.#
......### #.#...# #.#.#
.......# #..)### #.#o#
∆....w..# ##### #...#
..o..<..# #.###


You could see an orc priest and an orc.

Vanquished Creatures
  Grinder (D:3)
  A jelly (D:5)
  An orc wizard (D:3)
  A mummy (Ossuary)
  3 adders (D:3)
  6 spectral bats (Ossuary)
  An endoplasm (D:4)
  12 gnoll zombies (Ossuary)
  5 bat simulacra (Ossuary)
  A frilled lizard (D:3)
  2 goblin simulacra (Ossuary)
  3 goblin zombies (Ossuary)
  8 hobgoblin zombies (Ossuary)
  A kobold simulacrum (Ossuary)
  4 kobold zombies (Ossuary)
  3 orc zombies (Ossuary)
  A rat simulacrum (Ossuary)
  A spectral goblin (Ossuary)
  A spectral kobold (Ossuary)
  6 spectral rats (Ossuary)
62 creatures vanquished.

Notes
Turn   | Place    | Note
-------+----------+-------------------------------------------
     0 | D:5      | Reached skill level 9 in Stealth
     0 | D:5      | MisterFreud the Gnoll Delver began the quest for the Orb.
     0 | D:5      | Reached XP level 1. HP: 23/23 MP: 1/1
     1 | D:6      | Noticed an iguana
    16 | D:5      | Noticed a jelly
    20 | D:5      | Killed a jelly
    21 | D:5      | Reached XP level 2. HP: 29/29 MP: 2/2
    21 | D:5      | Reached XP level 3. HP: 35/35 MP: 3/3
    32 | D:4      | Found a staircase to the Ecumenical Temple.
    35 | Temple   | Entered the Ecumenical Temple
    70 | Temple   | Became a worshipper of Warmaster Okawaru
    88 | D:4      | Noticed a sky beast
   123 | D:4      | Found a sand-covered staircase.
   129 | Ossuary  | Entered an ossuary
   183 | Ossuary  | Reached skill level 1 in Invocations
   348 | Ossuary  | Reached skill level 1 in Long Blades
   348 | Ossuary  | Reached skill level 1 in Axes
   348 | Ossuary  | Reached skill level 1 in Maces & Flails
   348 | Ossuary  | Reached skill level 1 in Polearms
   348 | Ossuary  | Reached skill level 1 in Staves
   348 | Ossuary  | Reached skill level 1 in Slings
   348 | Ossuary  | Reached skill level 1 in Bows
   348 | Ossuary  | Reached skill level 1 in Crossbows
   348 | Ossuary  | Reached skill level 1 in Throwing
   348 | Ossuary  | Reached skill level 1 in Armour
   348 | Ossuary  | Reached skill level 1 in Shields
   348 | Ossuary  | Reached skill level 1 in Unarmed Combat
   348 | Ossuary  | Reached skill level 1 in Spellcasting
   348 | Ossuary  | Reached skill level 1 in Evocations
   383 | Ossuary  | Reached XP level 4. HP: 37/38 MP: 5/5
   819 | Ossuary  | Reached skill level 1 in Conjurations
   819 | Ossuary  | Reached skill level 1 in Hexes
   819 | Ossuary  | Reached skill level 1 in Summonings
   819 | Ossuary  | Reached skill level 1 in Necromancy
   819 | Ossuary  | Reached skill level 1 in Translocations
   819 | Ossuary  | Reached skill level 1 in Transmutations
   819 | Ossuary  | Reached skill level 1 in Fire Magic
   819 | Ossuary  | Reached skill level 1 in Ice Magic
   819 | Ossuary  | Reached skill level 1 in Air Magic
   819 | Ossuary  | Reached skill level 1 in Earth Magic
   819 | Ossuary  | Reached skill level 1 in Poison Magic
   945 | D:3      | Noticed Grinder
   950 | D:3      | Killed Grinder
   951 | D:3      | Reached skill level 5 in Short Blades
   951 | D:3      | Reached skill level 5 in Dodging
   951 | D:3      | Reached XP level 5. HP: 6/47 MP: 5/7
   951 | D:3      | Reached XP level 6. HP: 7/53 MP: 5/8
  1395 | D:3      | Found an ornate altar of the Wu Jian Council.
  1541 | D:3      | HP: 1/79 [orc priest/divine providence (9)]
  1545 | D:3      | Killed from afar by an orc priest

Illustrated notes

Levels and vault maps discovered:
D:3:      layout_rooms, nicolae_wu_jian_wuxing_cycle, minmay_cupped, uniq_robin,
          uniq_grinder
D:4:      layout_basic, minmay_temple_entry_waves, nicolae_ossuary_entry_plus,
          serial_shops, nicolae_shop_trees
D:5:      layout_basic, gammafunk_ghost_nasty_kobolds
D:6:      layout_layer_cave, hellmonk_ghost_happy_afterlife,
          lightli_sewer_entry_pipes, serial_shops, nicolae_diamond_shop,
          corexii_corridor_pit
Temple:   mainiacjoe_temple_circle_huts

Skill      XL: |  1  2  3  4  5  6 |
---------------+-------------------+-----
Stealth        | |  9.8
Invocations    | 1 2 |  2.2
Long Blades    | 1 2 |  2.0
Axes           | 1 2 |  2.0
Maces & Flails | 1 2 |  2.0
Polearms       | 1 2 |  2.0
Staves         | 1 2 |  2.0
Slings         | 1 2 |  2.0
Bows           | 1 2 |  2.0
Crossbows      | 1 2 |  2.0
Throwing       | 1 2 |  2.0
Armour         | 1 2 |  2.0
Shields        | 1 2 |  2.0
Unarmed Combat | 1 2 |  2.0
Spellcasting   | 1 2 |  2.0
Evocations     | 1 2 |  2.0
Conjurations   | 1 |  1.6
Hexes          | 1 |  1.6
Summonings     | 1 |  1.6
Necromancy     | 1 |  1.6
Translocations | 1 |  1.6
Transmutations | 1 |  1.6
Fire Magic     | 1 |  1.6
Ice Magic      | 1 |  1.6
Air Magic      | 1 |  1.6
Earth Magic    | 1 |  1.6
Poison Magic   | 1 |  1.6
Short Blades   | 5 |  5.0
Dodging        | 5 |  5.0
Fighting       | |  6.8

Action                   |  1- 3 |  4- 6 || total
-------------------------+-------+-------++-------
Melee: Short sword       |   115 |   136 ||   251
       Bite              |    13 |    12 ||    25
       Punch             |     2 |     3 ||     5
  Use: Scroll            |     1 |     2 ||     3
       Potion            |       |     1 ||     1
 Stab: Sleeping          |     3 |    15 ||    18
Armor: Leather armour    |    57 |    14 ||    71
       Skin              |       |    10 ||    10
Dodge: Dodged            |    83 |    48 ||   131
